 Dungeon Crawl Stone Soup version 0.28-a0-476-g0f06bd746f (webtiles) character file.

Game seed: 17468090126495890863

659 Squid the Cudgeller (level 7, -1/66 HPs)
             Began as a Tengu Berserker on Sept 16, 2021.
             Was a Priest of Trog.
             Slain by an iguana (6 damage)
             ... on level 5 of the Dungeon.
             The game lasted 00:10:35 (4276 turns).

Squid the Cudgeller (Tengu Berserker)               Turns: 4276, Time: 00:10:36

Health: -1/66      AC: 12    Str: 19    XL:     7   Next: 55%
Magic:  8/8        EV:  5    Int:  8    God:    Trog [***...]
Gold:   107        SH: 14    Dex: 19    Spells: 6/6 levels left

rFire   . . .      SeeInvis .   m - +2 flail (vorpal)
rCold   + . .      Faith    .   n - +1 tower shield
rNeg    . . .      Spirit   .   l - +1 chain mail {rC+}
rPois   .          Reflect  .   (helmet restricted)
rElec   .          Harm     .   (no cloak)
rCorr   .          Rampage  .   f - +0 pair of gloves
Will    .....                   (boots unavailable)
Stlth   ..........              (no amulet)
HPRegen 0.21/turn               b - +6 ring of dexterity
MPRegen 0.11/turn               (no ring)

@: berserking, flying quickly and evasively, very quick
A: beak, talons 3, nimble flight
a: Renounce Religion, Berserk, Trog's Hand


You were on level 5 of the Dungeon.
You worshipped Trog.
Trog was most pleased with you.
You visited 1 branch of the dungeon, and saw 5 of its levels.

You collected 107 gold pieces.

Inventory:

Hand Weapons
 m - a +2 vorpal flail (weapon)
Missiles
 d - 79 stones (quivered)
Armour
 f - a +0 pair of gloves (worn)
 l - a +1 chain mail of cold resistance (worn)
 n - a +1 tower shield (worn)
Jewellery
 b - a +6 ring of dexterity (left hand)
Scrolls
 g - 4 scrolls of teleportation
 j - 3 scrolls of identify
Potions
 a - a potion of cancellation {unknown}
 e - a potion of curing
 h - a potion of might {unknown}
 i - a potion of haste {unknown}
 q - a potion of magic {unknown}


   Skills:
 + Level 4.4 Fighting
 + Level 6.8 Maces & Flails
 + Level 4.9 Armour
 - Level 2.2 Dodging
 + Level 2.2 Shields


You had 6 spell levels left.
You didn't know any spells.
Your spell library was empty.

Dungeon Overview and Level Annotations

Branches:
Dungeon (5/15)
 Temple: D:4-7

Altars:
Elyvilon


Innate Abilities, Weirdness & Mutations

You have a beak for a mouth.
You have claws for feet.
Your magical nature lets you fly swiftly and evasively.


Message History

Your Shields skill increases to level 2!
You closely miss the orc. Your kick misses the orc. You peck the orc.
The orc is heavily wounded.
You block the orc's attack. The orc hits you with a +0 whip.
You sock the orc!
You kill the orc!
Trog accepts your kill.
The orc priest invokes the aid of Beogh against you.
Beogh smites you!
* * * LOW HITPOINT WARNING * * *
You hit the orc but do no damage. Your kick misses the orc.
The orc hits you but does no damage. You block the orc's attack.
You sock the orc!
You kill the orc!
Trog accepts your kill.
An iguana comes into view.
You hit the orc priest.
You claw the orc priest, but do no damage.
You peck the orc priest, but do no damage.
The orc priest is heavily wounded.
The orc priest hits you but does no damage.
The orc priest invokes the aid of Beogh against you.
Beogh smites you!
* * * LOW HITPOINT WARNING * * *
A red film seems to cover your vision as you go berserk!
You feel yourself moving faster!
You feel mighty! You block the orc priest's attack.
You sock the orc priest!
You kill the orc priest!
Trog accepts your kill.
Your shield prevents you from hitting the orc.
You claw the orc.
You kill the orc!
Trog accepts your kill. You block the iguana's attack.
Items here: ))))) [[[ †††.
You thump the iguana!
The iguana is heavily wounded.
The iguana bites you.
You die...

#.... #o.. # ...
###. o.. ^... ###o#
..... ...# #
....#####.####.#
#.....#.l@(..#
###.###....(#######
...................
###.###.#.#######.#
#.#... ###.#..##
#...#... #.#######
#.......# ### ####


You could see an iguana.

Vanquished Creatures
  Grinder (D:4)
  An ogre (D:4)
  A gnoll sergeant (D:4)
  A scorpion (D:4)
  A hound (D:4)
  A jelly (D:5)
  An orc priest (D:5)
  An orc wizard (D:5)
  A hound skeleton (D:4)
  2 adders
  An ufetubus (D:4)
  An adder skeleton (D:4)
  A worm (D:2)
  2 dart slugs
  13 orcs
  2 bats
  4 endoplasms
  4 giant cockroaches
  3 hobgoblins
  7 jackals (D:3)
  13 kobolds
  A quokka (D:1)
  2 ball pythons
  5 frilled lizards
  7 goblins
  7 rats
  A bush (D:1)
85 creatures vanquished.

Vanquished Creatures (others)
  2 plants (D:1)
2 creatures vanquished.

Grand Total: 87 creatures vanquished

Notes
Turn   | Place    | Note
-------+----------+-------------------------------------------
     0 | D:1      | Squid the Tengu Berserker began the quest for the Orb.
     0 | D:1      | Reached XP level 1. HP: 14/14 MP: 2/2
   524 | D:1      | Reached XP level 2. HP: 9/19 MP: 3/3
  1077 | D:1      | Found a faded altar of an unknown god.
  1356 | D:1      | Reached XP level 3. HP: 21/23 MP: 4/4
  1370 | D:1      | Reached skill level 4 in Maces & Flails
  2030 | D:2      | Reached ** piety under Trog
  2612 | D:3      | Reached XP level 4. HP: 29/29 MP: 5/5
  3421 | D:4      | Noticed an ogre
  3425 | D:4      | Killed an ogre
  3426 | D:4      | Reached skill level 5 in Maces & Flails
  3426 | D:4      | Gained mutation: Your magical nature lets you fly swiftly
                  | and evasively. [Tengu growth]
  3426 | D:4      | Reached XP level 5. HP: 33/33 MP: 6/6
  3655 | D:4      | Reached XP level 6. HP: 38/38 MP: 7/7
  3666 | D:4      | Identified the +4 ring mail "Ekur" {Harm Str+4}
  3812 | D:4      | Noticed Grinder
  3821 | D:4      | Killed Grinder
  3822 | D:4      | Reached skill level 6 in Maces & Flails
  3822 | D:4      | Reached skill level 1 in Shields
  3822 | D:4      | Reached XP level 7. HP: 43/43 MP: 8/8
  4201 | D:5      | Entered Level 5 of the Dungeon
  4201 | D:5      | Found a white marble altar of Elyvilon.
  4266 | D:5      | Reached *** piety under Trog
  4276 | D:5      | Slain by an iguana

Illustrated notes

Levels and vault maps discovered:
D:1:      ncdulo_watergridlock, layout_basic, shapermc_ecumenical_altar_venn,
          interstate_on_off, lexackson_kobold_supper
D:2:      layout_rooms, minmay_tree_intersection
D:3:      layout_loops_ring, palyth_stone_intersect
D:4:      layout_cave_pools, st_stairs_7, uniq_grinder
D:5:      layout_basic, mainiacjoe_overflow_paths, elyvilon_altar_4,
          minmay_temple_entry_grid, lemuel_another_geyser, uniq_duvessa,
          uniq_pikel

Skill      XL: |  1  2  3  4  5  6  7 |
---------------+----------------------+-----
Maces & Flails | 4 5 6 |  6.8
Armour         | 3 4 |  4.9
Fighting       | 4 |  4.4
Shields        | 1 2 |  2.2
Dodging        | |  2.2

Action                   |  1- 3 |  4- 6 |  7- 9 || total
-------------------------+-------+-------+-------++-------
Melee: Mace              |   178 |    27 |       ||   205
       Kick              |    90 |    16 |     7 ||   113
       Peck              |    57 |     8 |     7 ||    72
       Flail             |       |    29 |    22 ||    51
Throw: Stone             |    28 |    54 |    10 ||    92
Invok: Berserk           |     1 |     4 |     1 ||     6
       Trog's Hand       |       |     1 |       ||     1
  Use: Scroll            |     3 |     5 |       ||     8
Armor: Animal skin       |     3 |       |       ||     3
       Ring mail         |    23 |    19 |       ||    42
       Chain mail        |       |    12 |     9 ||    21
Dodge: Dodged            |    61 |    37 |     2 ||   100
Block: Tower shield      |       |    27 |    13 ||    40

Table legend: (Time is in decaauts)
 A = Elapsed time spent in this place.
 B = Non-inter-level travel time spent in this place.
 C = Inter-level travel time spent in this place.
 D = Time resting spent in this place.
 E = Time spent auto-exploring this place.
 F = Levels seen in this place.
 G = Mean time per level.
                   A        B        C        D        E       F      G
               +--------+--------+--------+--------+--------+-----+--------+
         Total |   4348 |   4110 |    238 |     14 |   3128 |   5 |  869.6 |
       Dungeon |   4348 |   4110 |    238 |     14 |   3128 |   5 |  869.6 |
               +--------+--------+--------+--------+--------+-----+--------+

Top non-repeatable levels by time:
     D:1: 1812 daAuts
     D:2: 846 daAuts
     D:3: 826 daAuts
     D:4: 788 daAuts
     D:5: 75 daAuts
